 Dungeon Crawl Stone Soup version 0.28-a0-1415-g7c84da036a (webtiles) character file.

Game seed: 12637398781630485709

593 southernslant the Skirmisher (level 7, -7/44 HPs)
             Began as a Gargoyle Gladiator on Jan 7, 2022.
             Was an Initiate of Makhleb.
             Killed by divine providence
             ... invoked by an orc priest
              (11 damage)
             ... on level 5 of the Dungeon.
             The game lasted 00:08:55 (4771 turns).

southernslant the Skirmisher (Gargoyle Gladiator)   Turns: 4771, Time: 00:08:55

Health: -7/44      AC: 13    Str: 26    XL:     7   Next: 39%
Magic:  7/7        EV: 12    Int:  8    God:    Makhleb [......]
Gold:   202        SH:  0    Dex: 11    Spells: 6/6 levels left

rFire   . . .      SeeInvis .   a - +0 quarterstaff
rCold   . . .      Faith    .   (shield currently unavailable)
rNeg    + . .      Spirit   .   b - +0 leather armour
rPois   ∞          Reflect  .   y - +1 hat
rElec   +          Harm     .   (no cloak)
rCorr   .          Rampage  .   (no gloves)
Will    .....                   (no boots)
Stlth   +.........              (no amulet)
HPRegen 0.14/turn               s - +4 ring of protection
MPRegen 0.10/turn               x - +6 ring of strength

@: no status effects
A: sickness immunity, AC +4, negative energy resistance 1, electricity
resistance, torment resistance 1, petrification resistance
a: Renounce Religion


You were on level 5 of the Dungeon.
You worshipped Makhleb.
Makhleb was noncommittal.
You visited 1 branch of the dungeon, and saw 5 of its levels.

You collected 202 gold pieces.

Inventory:

Hand Weapons
 a - a +0 quarterstaff (weapon)
Missiles
 d - 3 throwing nets
 f - 12 poisoned darts (quivered)
 l - 4 atropa-tipped darts
 m - 141 stones
Armour
 b - a +0 leather armour (worn)
 y - a +1 hat (worn)
Magical Staves
 n - a staff of fire
 w - a staff of poison
Jewellery
 i - a ring of flight
 s - a +4 ring of protection (left hand)
 x - a +6 ring of strength (right hand)
Scrolls
 c - a scroll of enchant armour {unknown}
 g - 3 scrolls of identify {unknown}
 h - 3 scrolls of teleportation {unknown}
 q - a scroll of fog {unknown}
 r - a scroll of brand weapon {unknown}
 t - 2 scrolls of blinking {unknown}
 u - a scroll of summoning {unknown}
 v - a scroll of vulnerability {unknown}
 A - a scroll of fear {unknown}
Potions
 e - 2 potions of mutation {unknown}
 j - a potion of brilliance {unknown}
 k - 2 potions of cancellation {unknown}
 o - 3 potions of curing {unknown}
 p - a potion of degeneration {unknown}
 z - 2 potions of heal wounds {unknown}


   Skills:
 * Level 5.2 Fighting
 + Level 4.1 Staves
 + Level 3.0 Throwing
 * Level 4.2 Armour
 + Level 3.2 Dodging


You had 6 spell levels left.
You didn't know any spells.
Your spell library contained the following spells:

 Spells                   Type           Power      Damage    Failure   Level
 Beastly Appendage        Tmut           0%         N/A       43%         1
 Passwall                 Tmut/Erth      0%         N/A       58%         2
 Wereblood                Tmut           0%         N/A       58%         2
 Spider Form              Tmut/Pois      0%         N/A       82%         3
 Swiftness                Air            0%         N/A       82%         3


Dungeon Overview and Level Annotations

Branches:
Dungeon (5/15)             Temple (0/1) D:4

Altars:
Ashenzari
Fedhas
Makhleb
Sif Muna
Xom
The Shining One

Shops:
D:1 :


Innate Abilities, Weirdness & Mutations

You are immune to sickness and miasma.
Your stone body is resilient. (AC +4)
You are immune to poison.
You resist negative energy. (rN+)
You are resistant to electric shocks. (rElec)
You are resistant to unholy torment.
You are immune to petrification.


Message History

The iguana bites you but does no damage.
You completely miss the iguana.
An orc priest comes into view. It is wielding a +0 mace.
The iguana bites you but does no damage.
The orc priest shouts!
You hit the iguana but do no damage. The iguana misses you.
You thump the iguana!
The iguana is severely wounded.
The iguana closely misses you.
You sock the iguana!
You kill the iguana!
Makhleb accepts your kill.
You barely miss the orc. The orc closely misses you. The orc barely misses you.
You hit the orc but do no damage. The orc hits you but does no damage.
You closely miss the orc.
The orc priest looks satisfied for a moment.
The orc closely misses you.
You hit the orc.
The orc is almost dead.
The orc priest invokes the aid of Beogh against you.
Beogh smites you! The orc barely misses you.
You sock the orc!
You kill the orc!
Makhleb accepts your kill.
You hit the orc but do no damage.
The orc priest mumbles some strange prayers to Beogh against you.
Beogh smites you!
* * * LOW HITPOINT WARNING * * *
The orc barely misses you.
You closely miss the orc. The orc hits you but does no damage.
You hit the orc.
The orc is heavily wounded.
The orc misses you.
You closely miss the orc.
The orc is heavily wounded.
The orc hits you with a +0 flail.
* * * LOW HITPOINT WARNING * * *
The orc priest invokes the aid of Beogh against you.
Beogh smites you!
You die...

### #.. #.# #.#
.## #)#
#######o....
#.#####.@o)o.o.#
#.......######.(..
#.####### . #.#
#.########
#.........
#.######## #.# #)#


You could see an orc priest and 3 orcs.

Vanquished Creatures
  Grinder (D:3)
  A necrophage (D:4)
  A centaur (D:5)
  A bullfrog zombie (D:3)
  A jelly (D:2)
  An iguana (D:5)
  A hound skeleton (D:4)
  5 adders
  4 dart slugs
  7 orcs
  3 ball pythons
  6 endoplasms
  3 giant cockroaches
  7 hobgoblins
  7 jackals
  6 kobolds
  2 quokkas
  7 bats
  2 frilled lizards
  3 goblins (D:1)
  5 rats
74 creatures vanquished.

Vanquished Creatures (others)
  2 fungi (D:3)
  A plant (D:3)
3 creatures vanquished.

Grand Total: 77 creatures vanquished

Notes
Turn   | Place    | Note
-------+----------+-------------------------------------------
     0 | D:1      | southernslant the Gargoyle Gladiator began the quest for
                  | the Orb.
     0 | D:1      | Reached XP level 1. HP: 12/12 MP: 1/1
   358 | D:1      | Reached XP level 2. HP: 11/18 MP: 2/2
   562 | D:1      | Found a faded altar of an unknown god.
   691 | D:1      | Reached skill level 1 in Armour
   812 | D:1      | Found Ikuwn's Book Shoppe.
  1330 | D:2      | Reached XP level 3. HP: 22/22 MP: 3/3
  1397 | D:2      | Reached skill level 3 in Fighting
  1625 | D:2      | Reached XP level 4. HP: 24/28 MP: 4/4
  2231 | D:2      | Reached XP level 5. HP: 29/33 MP: 5/5
  2363 | D:3      | Found a glowing golden altar of the Shining One.
  2592 | D:3      | Found a shimmering blue altar of Sif Muna.
  2763 | D:3      | Found a broken altar of Ashenzari.
  2767 | D:3      | Saw a vision of the Swamp and the Spider Nest.
  2767 | D:3      | Noticed a redback
  2767 | D:3      | Noticed a redback
  2767 | D:3      | Noticed a redback
  2767 | D:3      | Noticed a redback
  2767 | D:3      | Noticed a will-o-the-wisp
  2767 | D:3      | Noticed a vampire mosquito
  2767 | D:3      | Noticed a vampire mosquito
  2767 | D:3      | Noticed a vampire mosquito
  2767 | D:3      | Noticed a redback
  2767 | D:3      | Noticed an alligator
  2767 | D:3      | Noticed a redback
  2769 | D:3      | Noticed a hornet
  2769 | D:3      | Noticed a redback
  2771 | D:3      | Noticed a swamp drake
  3080 | D:4      | Noticed Grinder
  3266 | D:4      | Paralysed by Grinder for 4 turns
  3275 | D:3      | Paralysed by Grinder for 5 turns
  3617 | D:4      | Reached skill level 4 in Fighting
  3708 | D:4      | Found a blossoming altar of Fedhas.
  3741 | D:4      | Found a shimmering altar of Xom.
  3834 | D:4      | Found a staircase to the Ecumenical Temple.
  4004 | D:4      | Found a burning altar of Makhleb.
  4010 | D:4      | Noticed a necrophage
  4017 | D:4      | Killed a necrophage
  4018 | D:4      | Reached XP level 6. HP: 34/39 MP: 6/6
  4335 | D:3      | Killed Grinder
  4336 | D:3      | Reached skill level 5 in Fighting
  4336 | D:3      | Reached XP level 7. HP: 26/44 MP: 7/7
  4581 | D:4      | Became a worshipper of Makhleb the Destroyer
  4631 | D:5      | Entered Level 5 of the Dungeon
  4771 | D:5      | Killed from afar by an orc priest

Illustrated notes

Levels and vault maps discovered:
D:1:      lemuel_arrival_lava_pool, layout_basic, serial_shops, shop,
          hellmonk_ecumenical_altar_blasted, hex_large
D:2:      layout_loops_ring, minmay_misc_feat_rows
D:3:      layout_basic, mainiacjoe_overflow_cross_hatched, tso_oasis_becter,
          grunt_ashenzari_visionary [grunt_ashenzari_visionary_swamp,
          grunt_ashenzari_visionary_spider]
D:4:      layout_gridville, mainiacjoe_overflow_concentric_impassable,
          mainiacjoe_overflow_catwalk, makhleb_blood_cavern_becter,
          minmay_temple_entry_waves, minmay_misc_feat_alley, uniq_grinder
D:5:      layout_loops_ring, gammafunk_temple_overflow_arena

Skill      XL: |  1  2  3  4  5  6  7 |
---------------+----------------------+-----
Armour         | 1 2 3 4 |  4.2
Throwing       | 2 3 |  3.0
Fighting       | 3 4 5 |  5.2
Dodging        | 3 |  3.2
Staves         | 4 |  4.1

Action                   |  1- 3 |  4- 6 |  7- 9 || total
-------------------------+-------+-------+-------++-------
Melee: Quarterstaff      |    95 |   136 |    22 ||   253
Throw: Dart              |       |     8 |     2 ||    10
       Throwing net      |       |     1 |       ||     1
 Stab: Distracted        |       |     1 |       ||     1
Armor: Leather armour    |    53 |    49 |     8 ||   110
Dodge: Dodged            |   103 |    82 |    18 ||   203

Table legend: (Time is in decaauts)
 A = Elapsed time spent in this place.
 B = Non-inter-level travel time spent in this place.
 C = Inter-level travel time spent in this place.
 D = Time resting spent in this place.
 E = Time spent auto-exploring this place.
 F = Levels seen in this place.
 G = Mean time per level.
                   A        B        C        D        E       F      G
               +--------+--------+--------+--------+--------+-----+--------+
         Total |   4804 |   4645 |    159 |      0 |   3580 |   5 |  960.8 |
       Dungeon |   4804 |   4645 |    159 |      0 |   3580 |   5 |  960.8 |
               +--------+--------+--------+--------+--------+-----+--------+

Top non-repeatable levels by time:
     D:4: 1329 daAuts
     D:1: 1324 daAuts
     D:2: 1029 daAuts
     D:3: 980 daAuts
     D:5: 141 daAuts
